 Dungeon Crawl Stone Soup version 0.29-a0-187-ga23d9638d5 (webtiles) character file.

Game seed: 5250213584732411798

6 cyrus the Chopper (level 1, 0/19 HPs)
             Began as a Hill Orc Monk on Feb 21, 2022.
             Slain by a rat (1 damage)
             ... on level 1 of the Dungeon.
             The game lasted 00:00:29 (259 turns).

cyrus the Chopper (Hill Orc Monk)                    Turns: 259, Time: 00:00:29

Health: 0/19       AC:  2    Str: 13    XL:     1   Next: 90%
Magic:  1/1        EV: 12    Int: 10    God:
Gold:   0          SH:  0    Dex: 13    Spells: 0/0 levels left

rFire   . . .      SeeInvis .   a - +0 hand axe
rCold   . . .      Faith    .   (no shield)
rNeg    . . .      Spirit   .   b - +0 robe
rPois   .          Reflect  .   (no helmet)
rElec   .          Harm     .   (no cloak)
rCorr   .          Rampage  .   (no gloves)
Will    .....                   (no boots)
Stlth   ++........              (no amulet)
HPRegen 0.06/turn               (no ring)
MPRegen 0.07/turn               (no ring)

@: no status effects
A: no striking features
a: no special abilities


You were on level 1 of the Dungeon.
You visited 1 branch of the dungeon, and saw 1 of its levels.

Inventory:

Hand Weapons
 a - a +0 hand axe (weapon)
Armour
 b - a +0 robe (worn)
Scrolls
 c - a scroll of amnesia {unknown}
Potions
 d - a potion of heal wounds {unknown}
 e - a potion of invisibility {unknown}


   Skills:
 + Level 3.6 Fighting
 + Level 4.2 Axes
 + Level 2.7 Dodging
 + Level 1.5 Stealth


You couldn't memorise any spells.
You didn't know any spells.
Your spell library was empty.

Dungeon Overview and Level Annotations

Branches:
Dungeon (1/15)

Altars:


Message History

The ball python barely misses you. The ball python closely misses you.
The rat closely misses you. The ball python bites you.
* * * LOW HITPOINT WARNING * * *
The ball python closely misses you. The rat misses you. The rat misses you.
The rat misses you.
A frilled lizard comes into view.
The frilled lizard hisses angrily.
Found a stone staircase leading down.
The frilled lizard misses you.
You closely miss the frilled lizard. You hit the rat but do no damage.
The frilled lizard barely misses you. The rat bites you.
* * * LOW HITPOINT WARNING * * *
The ball python closely misses you. The ball python grabs you.
The ball python constricts you.
You slash the frilled lizard!
You kill the frilled lizard!
You barely miss the rat. You closely miss the ball python.
The rat bites you but does no damage. The ball python closely misses you.
The ball python constricts you.
* * * LOW HITPOINT WARNING * * *
The rat twitches its whiskers.
The ball python's grasp on you weakens, but your attempt to escape fails.
The rat barely misses you.
The ball python bites you but does no damage.
The ball python constricts you. The rat bites you.
* * * LOW HITPOINT WARNING * * *
Unknown command.
You escape the ball python's grasp.
The rat bites you.
* * * LOW HITPOINT WARNING * * *
You see here a frilled lizard corpse.
A ball python comes into view.
The ball python bites you but does no damage.
The ball python barely misses you.
Found a faded altar of an unknown god.
The ball python misses you. x2
The ball python barely misses you. The ball python completely misses you.
The rat bites you.
You die...

.b....##...........
.........>.........
...#.#...........#
###.............#
#...##..........##
##.................
...............########
......†........S.S....#.
..........##..rr@.......
..........##..........##
..........##..........#
..........##..........#
.........###...#......#
###......# #..#_#..####
##.##### #...#...# ##.
.##


You could see 2 ball pythons and 2 rats.

Vanquished Creatures
  2 bats (D:1)
  An endoplasm (D:1)
  A goblin (D:1)
  2 frilled lizards (D:1)
6 creatures vanquished.

Notes
Turn   | Place    | Note
-------+----------+-------------------------------------------
     0 | D:1      | cyrus the Hill Orc Monk began the quest for the Orb.
     0 | D:1      | Reached XP level 1. HP: 19/19 MP: 1/1
   253 | D:1      | Found a faded altar of an unknown god.
   259 | D:1      | Slain by a rat

Illustrated notes

Levels and vault maps discovered:
D:1:      lemuel_arrival_broad_hall, layout_basic,
          chequers_ecumenical_altar_simple

Action                   || total
-------------------------++-------
Melee: Hand axe          ||    10
Armor: Robe              ||    12
Dodge: Dodged            ||    53

Table legend: (Time is in decaauts)
 A = Elapsed time spent in this place.
 B = Non-inter-level travel time spent in this place.
 C = Inter-level travel time spent in this place.
 D = Time resting spent in this place.
 E = Time spent auto-exploring this place.
 F = Levels seen in this place.
 G = Mean time per level.
                   A        B        C        D        E       F      G
               +--------+--------+--------+--------+--------+-----+--------+
         Total |    259 |    259 |      0 |      0 |    132 |   1 |  259.0 |
       Dungeon |    259 |    259 |      0 |      0 |    132 |   1 |  259.0 |
               +--------+--------+--------+--------+--------+-----+--------+

Top non-repeatable levels by time:
     D:1: 259 daAuts
